 Dungeon Crawl Stone Soup version 0.31-a0-441-g867994ef1c (webtiles) character file.

Game seed: 15626164615014747545

594 Dirtsage the Changeling (level 7, -8/47 HPs)
             Began as an Octopode Shapeshifter on Aug 2, 2023.
             Killed by nerve-wracking pain
             ... invoked by Grinder
              (12 damage)
             ... on level 3 of the Dungeon.
             The game lasted 00:04:07 (2737 turns).

Dirtsage the Changeling (Octopode Shapeshifter)     Turns: 2737, Time: 00:04:08

Health: -8/47      AC:  1    Str: 16    XL:     7   Next: 39%
Magic:  7/7        EV: 13    Int: 10    God:
Gold:   147        SH:  0    Dex: 13    Spells: 6/6 levels left

rFire   . .          .
                       - Unarmed
rCold   . . .        (no shield)
rNeg    . . .        (helmet currently unavailable)
rPois   .            n - amulet of magic regeneration
rElec   .            (no ring)
rCorr   .            (no ring)
SInv    .            (no ring)
Will    .....        (no ring)
Stlth   ++           (no ring)
HPRegen 0.27/turn    (no ring)
MPRegen 0.50/turn    (no ring)
                     (no ring)

%: no passive effects
@: beast-form
A: beast (slay +3), almost no armour, amphibious, 8 rings, camouflage 1,
gelatinous body 1, (nimble swimmer 1), tentacles
a: Begin Untransformation


You were on level 3 of the Dungeon.
You were a hulking beast.
You visited 1 branch of the dungeon, and saw 6 of its levels.

You collected 147 gold pieces.

Inventory:

Jewellery
 n - an amulet of magic regeneration (around mantle)
 o - a ring of ice
Talismans
 b - a beast talisman (active)
Wands
 m - a wand of roots (8)
 q - a wand of paralysis (2)
Scrolls
 d - 2 scrolls of revelation {unknown}
 e - a scroll of teleportation {unknown}
 k - 3 scrolls of identify {unknown}
 p - a scroll of fear {unknown}
 r - 3 scrolls of poison {unknown}
Potions
 a - 2 potions of lignification
 c - a potion of degeneration {unknown}
 f - a potion of brilliance {unknown}
 g - a potion of might {unknown}
 h - a potion of ambrosia {unknown}
 i - a potion of haste {unknown}
 j - 3 potions of curing {unknown}
 l - a potion of heal wounds {unknown}


   Skills:
 + Level 3.8 Fighting
 - Level 2.0 Dodging
 + Level 4.8 Unarmed Combat
 * Level 5.4 Shapeshifting


You had 6 spell levels left.
You didn't know any spells.
Your spell library contained the following spells:

 Spells                   Type           Power      Damage    Failure   Level
 Kiss of Death            Conj/Necr      0%         2d5       36%         1
 Poisonous Vapours        Pois/Air       0%         N/A       50%         2
 Confusing Touch          Hex            0%         N/A       75%         3
 Mephitic Cloud           Conj/Pois/Air  0%         N/A       75%         3
 Ozocubu's Armour         Ice            0%         N/A       75%         3
 Vhi's Electric Charge    Tloc/Air       0%         N/A       75%         3
 Dispel Undead            Necr           0%         3d6       98%         4
 Olgreb's Toxic Radiance  Pois           0%         N/A       98%         4
 Petrify                  Tmut/Erth      0%         N/A       98%         4
 Arcjolt                  Conj/Air       0%         1d10      100%        5
 Freezing Cloud           Conj/Ice/Air   0%         6-21      100%        5
 Leda's Unmaking          Conj/Erth      0%         9d1       100%        6
 Plasma Beam              Fire/Air       0%         2x1d10    100%        6
 Ozocubu's Refrigeration  Ice            0%         4d7       100%        7
 Discord                  Hex            0%         N/A       100%        8
 Ignition                 Fire           0%         3d3       100%        8


Dungeon Overview and Level Annotations

Branches:
Dungeon (6/15)
 Temple: D:4-7

Altars:

Shops:
D:6 *

Annotations:
D:3 Grinder


Innate Abilities, Weirdness & Mutations

You are a hulking beast.
Your limbs bulge with bestial killing power. (Slay +3)
You cannot wear most types of armour.
You are amphibious.
You can wear up to eight rings at the same time.
Your skin changes colour to match your surroundings (Stealth+).
Your rubbery body absorbs attacks. (AC +1, EV +1)
((You are camouflaged when in or above water. (Stealth+)))
You have tentacles for arms and can constrict up to eight enemies at once.


Message History

Aim: Grinder The roots erupt in riotous growth!
Roots grab Grinder.
The grasping roots constrict Grinder.
Grinder escapes!
Aiming: Fastroot
Press: ? - help, Shift-Dir - straight line, f/p - Grinder
Aim: Grinder (lightly wounded)
The roots erupt in riotous growth!
Roots grab Grinder.
The grasping roots constrict Grinder.
Grinder struggles to escape constriction.
The grasping roots constrict Grinder, but do no damage.
The roots release their grip on Grinder.
You tentacle-slap Grinder. You grab Grinder.
Grinder is moderately wounded.
You constrict Grinder, but do no damage.
Grinder hits you!
You writhe in agony.
You take 12 damage, and have 35/47 hp.
MASSIVE DAMAGE!!
You tentacle-slap Grinder. You squeeze Grinder!
Grinder is severely wounded.
You constrict Grinder. Grinder gestures at you.
You suddenly lose the ability to move!
You lose your grip on Grinder.
Grinder hits you.
You writhe in agony.
Grinder hits you! Grinder gestures at you. You resist with significant effort.
Grinder hits you! x2
* * * LOW HITPOINT WARNING * * *
You writhe in agony.
* * * LOW HITPOINT WARNING * * *
You can move again.
You take 31 damage, and have 4/47 hp.
MASSIVE DAMAGE!!
Unknown command.
You tentacle-slap Grinder. You grab Grinder.
Grinder is severely wounded.
You constrict Grinder. Grinder gestures at you. Pain shoots through your body!
You die...

#)....###
#.......#
#.....#.....####
#####.#........#
#.#........#
#.#........###
#.#..........#
#.........##..#
#......h..# .$
#......5....# .
#...........#
#.#####.....# #.
......# ##
#.....# #######


You could see Grinder.

Vanquished Creatures
  A black bear (D:2)
  An ogre (D:4)
  A centaur (D:4)
  A scorpion (D:6)
  3 hounds (D:4)
  An orc wizard (D:4)
  Robin (D:4)
  3 gnolls (D:4)
  6 adders
  A worm (D:4)
  9 orcs
  3 bats (D:2)
  9 goblins
  8 hobgoblins
  A jackal (D:4)
  6 quokkas
  4 ball pythons
  4 frilled lizards (D:2)
  5 kobolds
  2 rats (D:2)
  A spectral kobold (D:2)
71 creatures vanquished.

Notes
Turn   | Place    | Note
-------+----------+-------------------------------------------
     0 | D:1      | Dirtsage the Octopode Shapeshifter began the quest for the
                  | Orb.
     0 | D:1      | Reached XP level 1. HP: 13/13 MP: 1/1
   238 | D:1      | Got the Secrets of Superposition and Silt
   667 | D:2      | Reached XP level 2. HP: 18/18 MP: 2/2
   846 | D:2      | Found a faded altar of an unknown god.
   952 | D:2      | Noticed a black bear
   966 | D:2      | Killed a black bear
   967 | D:2      | Reached skill level 4 in Shapeshifting
   967 | D:2      | Reached XP level 3. HP: 24/24 MP: 3/3
   967 | D:2      | Reached XP level 4. HP: 29/29 MP: 4/4
  1191 | D:2      | Reached XP level 5. HP: 28/35 MP: 5/5
  1668 | D:3      | You fall into a shaft and drop 3 floors!
  1756 | D:6      | Found Cier's Gadget Gallery.
  1761 | D:6      | Noticed a wraith
  1794 | D:5      | Entered Level 5 of the Dungeon
  1940 | D:4      | Noticed Robin
  1956 | D:4      | Reached XP level 6. HP: 31/41 MP: 6/6
  1959 | D:4      | Killed Robin
  2183 | D:4      | Reached skill level 5 in Shapeshifting
  2221 | D:4      | Reached XP level 7. HP: 23/46 MP: 7/7
  2725 | D:3      | Noticed Grinder
  2731 | D:3      | Paralysed by Grinder for 5 turns
  2737 | D:3      | Killed from afar by Grinder

Illustrated notes

Levels and vault maps discovered:
D:1:      grunt_arrival_crossed_arrows, layout_basic
D:2:      layout_loops_corners, dreamdust_ecumenical_altar_drowned_temple,
          minmay_tromino_mix6
D:3:      layout_basic, uniq_grinder
D:4:      layout_basic, minmay_distorted, uniq_robin
D:5:      kennysheep_steamy, layout_loops_ring, temple_fountains, uniq_pikel
D:6:      layout_rooms, gammafunk_ghost_split, hangedman_decor_growths,
          nicolae_shop_gadgets

Skill      XL: |  1  2  3  4  5  6 |
---------------+-------------------+-----
Fighting       | 2 3 |  3.8
Shapeshifting  | 4 5 |  5.4
Unarmed Combat | 4 |  4.8
Dodging        | |  2.0

Action                     |  1- 3 |  4- 6 |  7- 9 || total
---------------------------+-------+-------+-------++-------
  Melee: Unarmed           |    30 |    82 |    44 ||   156
         Constrict         |     4 |    20 |     7 ||    31
         Tentacles         |     5 |    19 |     4 ||    28
         Punch             |     1 |     3 |     2 ||     6
  Evoke: Wand              |       |     1 |     2 ||     3
    Use: Potion            |     1 |     1 |     1 ||     3
   Stab: Sleeping          |     3 |     2 |     1 ||     6
         Paralysed         |       |     4 |       ||     4
 Armour: Skin              |    12 |     7 |     4 ||    23
  Dodge: Dodged            |    20 |    43 |    16 ||    79

Table legend: (Time is in decaauts)
 A = Elapsed time spent in this place.
 B = Non-inter-level travel time spent in this place.
 C = Inter-level travel time spent in this place.
 D = Time resting spent in this place.
 E = Time spent auto-exploring this place.
 F = Levels seen in this place.
 G = Mean time per level.
                   A        B        C        D        E       F      G
               +--------+--------+--------+--------+--------+-----+--------+
         Total |   2722 |   2660 |     62 |    262 |   1918 |   6 |  453.7 |
       Dungeon |   2722 |   2660 |     62 |    262 |   1918 |   6 |  453.7 |
               +--------+--------+--------+--------+--------+-----+--------+

Top non-repeatable levels by time:
     D:2: 936 daAuts
     D:4: 841 daAuts
     D:1: 663 daAuts
     D:3: 149 daAuts
     D:6: 125 daAuts
     D:5: 5 daAuts
